 Dungeon Crawl Stone Soup version 0.28-a0-1213-g0243856f03 (webtiles) character file.

Game seed: 11842365726510494165

19908 bearlyready the Summoner (level 12, 0/91 HPs)
             Began as a Gnoll Summoner on Dec 21, 2021.
             Was a High Priest of Cheibriados.
             Slain by a +7 long sword (16 damage)
             ... on level 13 of the Dungeon.
             The game lasted 00:33:17 (18658 turns).

bearlyready the Summoner (Gnoll Summoner)          Turns: 18658, Time: 00:33:18

Health: 0/91       AC: 14    Str: 20    XL:     12   Next: 73%
Magic:  25/25      EV: 23    Int: 27    God:    Cheibriados [*****.]
Gold:   185        SH:  8    Dex: 29    Spells: 18/29 levels left

rFire   . . .      SeeInvis .   a - +5 demon trident (elec)
rCold   . . .      Faith    .   e - +0 buckler
rNeg    + . .      Spirit   .   v - +2 ring mail {rPois}
rPois   +          Reflect  .   (no helmet)
rElec   .          Harm     .   I - +2 cloak {rCorr}
rCorr   +          Rampage  .   E - +0 pair of gloves
Will    .....                   (no boots)
Stlth   ++++......              z - amulet of magic regeneration
HPRegen 0.00/turn               w - ring of positive energy
MPRegen 0.59/turn               N - +4 ring of evasion

@: about to teleport, inhibited regen, very slow
A: fangs 1, strong nose, distributed training, shaggy fur 1, inhibited
regeneration, wild magic 1
a: Renounce Religion, Bend Time, Temporal Distortion, Slouch, Step From Time


You were on level 13 of the Dungeon.
You worshipped Cheibriados.
Cheibriados was extremely pleased with you.
You visited 2 branches of the dungeon, and saw 14 of its levels.
You visited 1 bazaar.

You collected 2163 gold pieces.
You spent 1978 gold pieces at shops.

Inventory:

Hand Weapons
 a - a +5 demon trident of electrocution (weapon)
 Q - a +1 eveningstar of venom
Missiles
 g - 369 stones (quivered)
 h - 23 sling bullets
 p - 154 arrows
 q - 23 poisoned darts
 r - 177 bolts
 B - a boomerang
 L - 5 javelins
Armour
 e - a +0 buckler (worn)
 v - a +2 ring mail of poison resistance (worn)
 y - a +0 kite shield
 E - a +0 pair of gloves (worn)
 I - a +2 cloak of preservation (worn)
 K - a +1 leather armour of cold resistance
 O - +0 acid dragon scales
Magical Staves
 n - a staff of fire
 A - a staff of cold
 M - a staff of death
Jewellery
 w - a ring of positive energy (left hand)
 z - an amulet of magic regeneration (around neck)
 N - a +4 ring of evasion (right hand)
Wands
 d - a wand of digging (6)
 j - a wand of flame (22)
 F - a wand of charming (9)
 J - a wand of polymorph (10)
 P - a wand of paralysis (1)
Scrolls
 b - 6 scrolls of teleportation
 c - a scroll of holy word {unknown}
 f - 2 scrolls of fog
 k - 4 scrolls of amnesia
 l - 5 scrolls of noise
 o - 3 scrolls of torment
 x - a scroll of identify
 C - 3 scrolls of summoning
 D - 3 scrolls of vulnerability
 G - 5 scrolls of enchant armour
 T - a scroll of magic mapping
Potions
 i - 3 potions of curing
 m - 3 potions of attraction
 s - a potion of brilliance
 t - 2 potions of lignification
 u - a potion of might
 R - a potion of heal wounds {unknown}


   Skills:
 + Level 7.5 Fighting
 + Level 7.5 Short Blades
 + Level 7.5 Long Blades
 + Level 7.5 Axes
 + Level 7.5 Maces & Flails
 + Level 7.5 Polearms
 + Level 7.5 Staves
 + Level 7.5 Slings
 + Level 7.5 Bows
 + Level 7.5 Crossbows
 + Level 7.5 Throwing
 + Level 7.5 Armour
 + Level 8.9 Dodging
 + Level 8.7 Stealth
 + Level 7.5 Shields
 + Level 7.5 Unarmed Combat
 + Level 9.1 Spellcasting
 + Level 6.3 Conjurations
 + Level 6.3 Hexes
 + Level 9.6 Summonings
 + Level 6.3 Necromancy
 + Level 6.3 Translocations
 + Level 6.3 Transmutations
 + Level 6.3 Fire Magic
 + Level 6.3 Ice Magic
 + Level 6.3 Air Magic
 + Level 6.3 Earth Magic
 + Level 6.3 Poison Magic
 + Level 8.3 Invocations
 + Level 7.5 Evocations


You had 18 spell levels left.
You knew the following spells:

 Your Spells              Type           Power      Damage    Failure   Level
a - Summon Small Mammal   Summ           100%       N/A       1%          1
b - Call Imp              Summ           70%        N/A       1%          2
c - Call Canine Familiar  Summ           70%        N/A       1%          3
d - Summon Mana Viper     Hex/Summ       64%        N/A       12%         5

Your spell library contained the following spells:

 Spells                   Type           Power      Damage    Failure   Level
 Foxfire                  Conj/Fire      100%       2x1d9     1%          1
 Passwall                 Tmut/Erth      47%        N/A       1%          2
 Static Discharge         Conj/Air       57%        N/A       1%          2
 Summon Guardian Golem    Hex/Summ       64%        N/A       1%          3
 Conjure Flame            Conj/Fire      57%        6-21      3%          3
 Dazzling Flash           Conj/Hex       100%       N/A       3%          3
 Inner Flame              Hex/Fire       57%        N/A       3%          3
 Ozocubu's Armour         Ice            57%        N/A       3%          3
 Swiftness                Air            57%        N/A       3%          3
 Summon Lightning Spire   Summ/Air       64%        N/A       4%          4
 Dispel Undead            Necr           57%        3d20      9%          4
 Flame Wave               Conj/Fire      57%        2d9       9%          4
 Leda's Liquefaction      Hex/Erth       28%        N/A       9%          4
 Sticky Flame             Conj/Fire      57%        2d7       9%          4
 Yara's Violent Unravell  Hex/Tmut       28%        3d12      22%         5
 Ozocubu's Refrigeration  Ice            28%        4d10      99%         7
 Chain Lightning          Conj/Air       28%        3d38      100%        9
 Fire Storm               Conj/Fire      28%        8d7       100%        9
 Shatter                  Erth           28%        3d24*     100%        9


Dungeon Overview and Level Annotations

Branches:
Dungeon (13/15)            Temple (1/1) D:6            Lair (0/6) D:11
    Orc (0/2) D:9
 Vaults: D:13-14

Altars:
Ashenzari
Cheibriados
Dithmenos
Elyvilon
Fedhas
Gozag
Hepliaklqana
Kikubaaqudgha
Makhleb
Nemelex Xobeh
Okawaru
Qazlal
Ru
Sif Muna
Trog
Uskayaw
Vehumet
Xom
Yredelemnul
Zin
The Shining One

Shops:
D:5 [?   D:12 =*?


Innate Abilities, Weirdness & Mutations

You have very sharp teeth.
Your uncanny sense of smell can sniff out nearby items.
Your experience applies equally to all skills.
You are covered in fur. (AC +1)
You do not regenerate when monsters are visible.
Your spells are a little harder to cast, but a little more powerful.


Message History

You block the vampire mosquito's attack. x2
You closely miss the vampire mosquito.
The vampire mosquito is almost destroyed.
You block the vampire mosquito's attack.
The vampire mosquito completely misses you.
You puncture the vampire mosquito!
Lightning courses through the vampire mosquito!!
You destroy the vampire mosquito!
Cheibriados thoroughly appreciates the change of pace.
Cheibriados raises the support of your attributes as your movement slows.
Found a book of Armaments.
A +7 long sword comes into view.
Items here: ††††.
The +7 long sword hits you.
The +7 long sword completely misses you.
The +7 long sword barely misses you.
A +6 long sword comes into view.
Found 13 gold pieces and a quarterstaff.
You block the +7 long sword's attack. The +7 long sword hits you!!
The cyclops shouts!
The +7 long sword hits you.
The +7 long sword completely misses you.
Found a scroll of magic mapping.
The +6 long sword hits you. The +7 long sword hits you.
The +6 long sword hits you! The +7 long sword hits you!
* * * LOW HITPOINT WARNING * * *
The cyclops misses you. The +6 long sword misses you.
As you read the scroll of fear, it crumbles to dust.
You assume a fearsome visage.
The +6 long sword is unaffected.
The +7 long sword is unaffected.
The cyclops looks frightened!
The +7 long sword hits you!
* * * LOW HITPOINT WARNING * * *
You block the +6 long sword's attack. You block the +7 long sword's attack.
The +6 long sword completely misses you.
Activating: Slouch (4% risk of failure)
Press: ? - help, Dir - look around, f - activate
Okay, then.
As you read the scroll of teleportation, it crumbles to dust.
You feel strangely unstable. The +7 long sword hits you!
You die...

..........#
#†####.#
#'#)##+####
##...##+##
#.#.#
#......:..
..#.#
#.........
..#.#
#.........
..#.#
#.........
..#.#
#.........
#.#.#
#.(.......
# #.#
#.@.......
..
#.(.......
..#
#...C.....
..#
#.........
..#
..........
#.#
.).$....#.#
.. ∆
.......##.#
........?


You could see a cyclops (fleeing) and 2 dancing weapons.

Vanquished Creatures
  A boulder beetle (D:12)
  A hydra (D:12)
  A centaur warrior (D:13)
  A two-headed ogre (D:10)
  A death knight (D:12)
  Urug (D:12)
  A cyclops (D:9)
  2 ugly things (D:12)
  An unseen horror (D:13)
  A komodo dragon (D:12)
  2 trolls (D:11)
  A hornet (D:9)
  Prince Ribbit (D:8)
  3 slime creatures (D:13)
  A wyvern (D:9)
  5 yaks
  2 wraiths (D:11)
  2 fire elementals (D:12)
  A basilisk (D:11)
  11 vampire mosquitoes
  Edmund (D:4)
  An acid dragon (D:8)
  2 nameless horrors (D:13)
  A water moccasin (D:11)
  A hell hound (D:12)
  An ice beast (D:5)
  An orc warrior (D:11)
  2 ogres
  A centaur (D:8)
  3 phantoms
  2 kobold brigands
  2 bullfrogs
  2 scorpions
  A gnoll sergeant (D:10)
  A water moccasin zombie (D:5)
  A troll zombie (D:9)
  10 killer bees
  5 wights (D:9)
  An electric eel (D:10)
  2 centaur zombies
  A bullfrog zombie (D:6)
  A jelly (D:7)
  A bullfrog skeleton (D:5)
  4 orc priests
  Ijyb (D:3)
  2 iguanas
  5 orc wizards
  4 ogre zombies (D:9)
  2 howler monkey skeletons (D:7)
  7 gnolls
  An adder (D:6)
  3 shadow imps
  An ufetubus (D:4)
  3 worms
  11 orcs
  5 ball pythons
  2 bats
  3 endoplasms
  2 giant cockroaches
  5 goblins
  A hobgoblin (D:1)
  5 jackals (D:2)
  A kobold (D:9)
  2 quokkas
  4 frilled lizards
  2 goblin skeletons (D:9)
  A goblin zombie (D:9)
  A hobgoblin zombie (D:9)
  11 orc zombies (D:9)
  4 rats (D:1)
177 creatures vanquished.

Vanquished Creatures (collateral kills)
  Azrael (D:12)
  A boulder beetle (D:11)
  A two-headed ogre (D:13)
  A flayed ghost (D:10)
  3 cyclopes
  A gargoyle (D:13)
  An unseen horror (D:10)
  A slime creature (D:13)
  9 yaks
  A wyvern (D:10)
  2 fire elementals (D:12)
  A vampire mosquito (D:10)
  An acid dragon (D:11)
  A hell hound (D:12)
  2 black bears (D:11)
  A centaur (D:9)
  A bullfrog (D:11)
  A wyvern zombie (D:6)
  A wyvern skeleton (D:7)
  2 troll zombies (D:9)
  6 killer bees
  2 howler monkeys (D:11)
  4 wights (D:9)
  An orc priest (D:10)
  A gnoll shaman (D:7)
  Crazy Yiuf (D:6)
  A bullfrog skeleton (D:7)
  2 orc wizards
  An ogre zombie (D:9)
  8 gnolls
  3 adders
  A nameless horror (D:4)
  4 worms
  5 orcs
  A bat (D:2)
  3 endoplasms
  2 giant cockroaches (D:3)
  4 goblins
  7 hobgoblins
  2 jackals (D:2)
  7 kobolds
  4 quokkas
  A goblin zombie (D:9)
  A hobgoblin skeleton (D:9)
  3 hobgoblin zombies (D:9)
  3 orc zombies (D:9)
  A rat (D:2)
112 creatures vanquished.

Vanquished Creatures (others)
  A hydra (D:12)
  3 orc wizards (D:12)
  2 orcs (D:12)
  66 fungi (D:11)
  47 plants (D:11)
119 creatures vanquished.

Grand Total: 408 creatures vanquished

Notes
Turn   | Place    | Note
-------+----------+-------------------------------------------
     0 | D:1      | bearlyready the Gnoll Summoner began the quest for the Orb.
     0 | D:1      | Reached XP level 1. HP: 13/13 MP: 6/6
   437 | D:1      | Reached XP level 2. HP: 16/19 MP: 7/7
   498 | D:1      | Found a faded altar of an unknown god.
  1378 | D:1      | Reached XP level 3. HP: 25/25 MP: 9/9
  1511 | D:1      | Reached skill level 5 in Spellcasting
  1879 | D:2      | Learned a level 2 spell: Call Imp
  2079 | D:2      | Reached skill level 1 in Invocations
  2479 | D:2      | Reached skill level 1 in Fighting
  2479 | D:2      | Reached skill level 1 in Short Blades
  2479 | D:2      | Reached skill level 1 in Long Blades
  2479 | D:2      | Reached skill level 1 in Axes
  2479 | D:2      | Reached skill level 1 in Maces & Flails
  2479 | D:2      | Reached skill level 1 in Polearms
  2479 | D:2      | Reached skill level 1 in Staves
  2479 | D:2      | Reached skill level 1 in Slings
  2479 | D:2      | Reached skill level 1 in Bows
  2479 | D:2      | Reached skill level 1 in Crossbows
  2479 | D:2      | Reached skill level 1 in Throwing
  2479 | D:2      | Reached skill level 1 in Armour
  2479 | D:2      | Reached skill level 1 in Shields
  2479 | D:2      | Reached skill level 1 in Unarmed Combat
  2479 | D:2      | Reached skill level 1 in Evocations
  2621 | D:2      | Reached XP level 4. HP: 32/32 MP: 11/11
  3471 | D:3      | Reached skill level 1 in Conjurations
  3471 | D:3      | Reached skill level 1 in Hexes
  3471 | D:3      | Reached skill level 1 in Necromancy
  3471 | D:3      | Reached skill level 1 in Translocations
  3471 | D:3      | Reached skill level 1 in Transmutations
  3471 | D:3      | Reached skill level 1 in Fire Magic
  3471 | D:3      | Reached skill level 1 in Ice Magic
  3471 | D:3      | Reached skill level 1 in Air Magic
  3471 | D:3      | Reached skill level 1 in Earth Magic
  3471 | D:3      | Reached skill level 1 in Poison Magic
  3481 | D:3      | Reached XP level 5. HP: 25/37 MP: 7/12
  3780 | D:2      | Learned a level 3 spell: Call Canine Familiar
  4507 | D:3      | Found a shadowy altar of Dithmenos.
  4524 | D:3      | Noticed Ijyb
  4559 | D:3      | Killed Ijyb
  5545 | D:4      | Reached XP level 6. HP: 44/44 MP: 6/13
  5804 | D:4      | Noticed Edmund
  5806 | D:4      | Found a faded altar of an unknown god.
  5862 | D:4      | Killed Edmund
  5863 | D:4      | Reached skill level 5 in Dodging
  6224 | D:4      | Found a hazy altar of Hepliaklqana.
  6628 | D:5      | Entered Level 5 of the Dungeon
  6722 | D:5      | Found Ylicesh's Magic Scroll Shoppe.
  6729 | D:5      | Bought a scroll of teleportation for 39 gold pieces
  6729 | D:5      | Bought a scroll of identify for 26 gold pieces
  6729 | D:5      | Bought a scroll of amnesia for 45 gold pieces
  6784 | D:5      | Noticed a nameless horror
  6825 | D:5      | Reached XP level 7. HP: 37/50 MP: 8/15
  7168 | D:5      | Found Goluceab's Antique Armour Emporium.
  7194 | D:5      | Reached skill level 5 in Stealth
  7490 | D:6      | Found a runed translucent door.
  7491 | D:6      | Noticed Crazy Yiuf
  7656 | D:6      | Reached XP level 8. HP: 36/57 MP: 9/16
  7967 | D:6      | Found a staircase to the Ecumenical Temple.
  7983 | Temple   | Entered the Ecumenical Temple
  8047 | Temple   | Became a worshipper of Ru the Awakened
  8697 | D:6      | Paralysed by Crazy Yiuf for 2 turns
  8700 | D:6      | Killed Crazy Yiuf
  9001 | D:7      | Found a glowing golden altar of the Shining One.
  9002 | D:7      | Found a snail-covered altar of Cheibriados.
  9002 | D:7      | Found a bloodstained altar of Trog.
  9846 | D:7      | Found an iron altar of Okawaru.
 10544 | D:8      | Reached XP level 9. HP: 56/65 MP: 12/18
 10546 | D:8      | Found a hide-covered altar of Uskayaw.
 10763 | D:7      | Fell from the grace of Ru
 10763 | D:7      | Became a worshipper of Cheibriados the Contemplative
 10929 | D:8      | Noticed Prince Ribbit
 10936 | D:8      | Killed Prince Ribbit
 11161 | D:9      | Found a stormy altar of Qazlal.
 11400 | D:9      | Noticed a hornet
 11413 | D:9      | Killed a hornet
 11510 | D:9      | Reached skill level 5 in Invocations
 11617 | D:9      | Reached * piety under Cheibriados
 11620 | D:9      | Found a staircase to the Orcish Mines.
 11895 | D:9      | Reached XP level 10. HP: 54/73 MP: 20/20
 12188 | D:9      | Noticed a cyclops
 12201 | D:9      | Killed a cyclops
 12202 | D:9      | Reached skill level 5 in Fighting
 12202 | D:9      | Reached skill level 5 in Short Blades
 12202 | D:9      | Reached skill level 5 in Long Blades
 12202 | D:9      | Reached skill level 5 in Axes
 12202 | D:9      | Reached skill level 5 in Maces & Flails
 12202 | D:9      | Reached skill level 5 in Polearms
 12202 | D:9      | Reached skill level 5 in Staves
 12202 | D:9      | Reached skill level 5 in Slings
 12202 | D:9      | Reached skill level 5 in Bows
 12202 | D:9      | Reached skill level 5 in Crossbows
 12202 | D:9      | Reached skill level 5 in Throwing
 12202 | D:9      | Reached skill level 5 in Armour
 12202 | D:9      | Reached skill level 5 in Shields
 12202 | D:9      | Reached skill level 5 in Unarmed Combat
 12202 | D:9      | Reached skill level 5 in Evocations
 12497 | D:9      | Found a basalt altar of Yredelemnul.
 12502 | D:9      | Found a shimmering altar of Xom.
 12521 | D:9      | Found an opulent altar of Gozag.
 12671 | D:9      | Reached ** piety under Cheibriados
 13211 | D:10     | Entered Level 10 of the Dungeon
 13227 | D:10     | Identified 2 scrolls of acquirement
 13227 | D:10     | Acquired 1304 gold pieces
 13229 | D:10     | Acquired a +0 demon trident of electrocution
 13269 | D:10     | Reached *** piety under Cheibriados
 13278 | D:10     | HP: 1/74 [vampire mosquito (4)]
 13279 | D:10     | Noticed a two-headed ogre
 13544 | D:10     | Killed a two-headed ogre
 13644 | D:10     | Reached XP level 11. HP: 31/81 MP: 19/22
 13722 | D:10     | Gained mutation: You do not regenerate when monsters are
                  | visible. [potion of mutation]
 13722 | D:10     | Gained mutation: Your spells are a little harder to cast,
                  | but a little more powerful. [potion of mutation]
 13722 | D:10     | Gained mutation: You are covered in fur. (AC +1) [potion of
                  | mutation]
 13737 | D:10     | Noticed a flayed ghost
 13743 | D:10     | Killed a flayed ghost
 13763 | D:10     | Reached skill level 5 in Conjurations
 13763 | D:10     | Reached skill level 5 in Hexes
 13763 | D:10     | Reached skill level 5 in Necromancy
 13763 | D:10     | Reached skill level 5 in Translocations
 13763 | D:10     | Reached skill level 5 in Transmutations
 13763 | D:10     | Reached skill level 5 in Fire Magic
 13763 | D:10     | Reached skill level 5 in Ice Magic
 13763 | D:10     | Reached skill level 5 in Air Magic
 13763 | D:10     | Reached skill level 5 in Earth Magic
 13763 | D:10     | Reached skill level 5 in Poison Magic
 14374 | D:11     | Noticed a boulder beetle
 14475 | D:11     | Killed a boulder beetle
 14615 | D:11     | Noticed a cyclops
 14625 | D:11     | Reached **** piety under Cheibriados
 14628 | D:11     | Killed a cyclops
 15039 | D:11     | Found a staircase to the Lair.
 15387 | D:12     | Found Cishrat's General Store.
 15419 | D:12     | Found Daro's Jewellery Boutique.
 15427 | D:12     | Killed a four-headed hydra
 15468 | D:12     | Found a flickering gateway to a bazaar.
 15469 | D:12     | Noticed a boulder beetle
 15475 | Bazaar   | Entered a bazaar
 15807 | Bazaar   | Found Orhets's Magic Scroll Emporium.
 15823 | Bazaar   | Found Xavad's Weapon Shoppe.
 15823 | Bazaar   | Found Luagg's Antique Armour Emporium.
 15845 | Bazaar   | Found Liuxyviw's Jewellery Emporium.
 15910 | Bazaar   | Bought a scroll of enchant armour for 97 gold pieces
 15910 | Bazaar   | Bought a scroll of enchant weapon for 97 gold pieces
 15910 | Bazaar   | Bought a scroll of enchant armour for 97 gold pieces
 15910 | Bazaar   | Bought a scroll of fear for 45 gold pieces
 15910 | Bazaar   | Bought a scroll of teleportation for 39 gold pieces
 16243 | D:12     | Killed a boulder beetle
 16398 | D:12     | Noticed a five-headed hydra
 16407 | D:12     | Killed a five-headed hydra
 16623 | D:12     | Noticed Urug
 16634 | D:12     | Killed Urug
 16635 | D:12     | Reached XP level 12. HP: 71/89 MP: 24/24
 16713 | D:12     | Found a burning altar of Makhleb.
 16895 | D:12     | Bought a scroll of teleportation for 33 gold pieces
 17016 | D:12     | Noticed a death knight
 17028 | D:12     | Killed a death knight
 17156 | D:12     | Found Wenifoc's Magic Scroll Emporium.
 17158 | D:12     | Noticed Azrael
 17595 | D:12     | Bought a scroll of teleportation for 51 gold pieces
 17595 | D:12     | Bought a scroll of teleportation for 51 gold pieces
 17595 | D:12     | Bought a scroll of acquirement for 884 gold pieces
 17595 | D:12     | Bought a scroll of enchant weapon for 127 gold pieces
 17595 | D:12     | Bought a scroll of enchant armour for 127 gold pieces
 17595 | D:12     | Bought a scroll of magic mapping for 59 gold pieces
 17595 | D:12     | Bought a scroll of summoning for 161 gold pieces
 17595 | D:12     | Acquired the Incunabulum of Enchantment
 17604 | D:12     | Learned a level 5 spell: Summon Mana Viper
 17681 | D:12     | Killed Azrael
 17922 | D:13     | Noticed a two-headed ogre
 17929 | D:13     | Killed a two-headed ogre
 18458 | D:13     | Noticed a centaur warrior
 18465 | D:13     | Killed a centaur warrior
 18613 | D:13     | Reached ***** piety under Cheibriados
 18658 | D:13     | Slain by a +7 long sword

Illustrated notes

Levels and vault maps discovered:
D:1:      matt_arrival_diagonals, layout_basic, chequers_ecumenical_altar_twisty
D:2:      layout_loops_ring
D:3:      layout_basic, amcnicky_altar_gilded, uniq_ijyb
D:4:      layout_loops_ring, beargit_hepliaklqana_dungeon_heroes,
          kennysheep_generic_room_3
D:5:      layout_loops_ring, pdpol_wu_jian_five_deadly_venoms, serial_shops,
          shop, kennysheep_mini_moat
D:6:      layout_basic, minmay_temple_entry_glass, uniq_crazy_yiuf_cottage
D:7:      layout_gridville, chequers_temple_overflow_statue_of_worship,
          mainiacjoe_overflow_catwalk, minivault_11
D:8:      layout_basic, nicolae_uskayaw_suspiria, minivault_4,
          uniq_prince_ribbit1
D:9:      layout_stronghold, grunt_qazlal_clouds, nicolae_gozag_seed_capital,
          mainiacjoe_overflow_big_doors, zombieorc2_lemuel
D:10:     layout_basic, enter_bailey_2, kennysheep_island_fort
D:11:     layout_loops_ring, due_lair_maze_entry_diamond,
          hellmonk_bongcloud_opening
D:12:     layout_stronghold, serial_shops, freezing_bzr, nicolae_stop_n_shop_1,
          nicolae_diamond_shop, nicolae_square_shop, bloody_makhleb,
          uniq_azrael, uniq_urug
D:13:     layout_basic, erik_vaults_1
Temple:   zaba_magenta_temple

Skill      XL: |  1  2  3  4  5  6  7  8  9 10 11 12 |
---------------+-------------------------------------+-----
Spellcasting   | 5 6 7 8 9 |  9.1
Invocations    | 1 2 3 4 5 6 7 8 |  8.3
Fighting       | 1 2 3 4 5 6 7 |  7.5
Short Blades   | 1 2 3 4 5 6 7 |  7.5
Long Blades    | 1 2 3 4 5 6 7 |  7.5
Axes           | 1 2 3 4 5 6 7 |  7.5
Maces & Flails | 1 2 3 4 5 6 7 |  7.5
Polearms       | 1 2 3 4 5 6 7 |  7.5
Staves         | 1 2 3 4 5 6 7 |  7.5
Slings         | 1 2 3 4 5 6 7 |  7.5
Bows           | 1 2 3 4 5 6 7 |  7.5
Crossbows      | 1 2 3 4 5 6 7 |  7.5
Throwing       | 1 2 3 4 5 6 7 |  7.5
Armour         | 1 2 3 4 5 6 7 |  7.5
Shields        | 1 2 3 4 5 6 7 |  7.5
Unarmed Combat | 1 2 3 4 5 6 7 |  7.5
Evocations     | 1 2 3 4 5 6 7 |  7.5
Conjurations   | 1 2 3 4 5 6 |  6.3
Hexes          | 1 2 3 4 5 6 |  6.3
Necromancy     | 1 2 3 4 5 6 |  6.3
Translocations | 1 2 3 4 5 6 |  6.3
Transmutations | 1 2 3 4 5 6 |  6.3
Fire Magic     | 1 2 3 4 5 6 |  6.3
Ice Magic      | 1 2 3 4 5 6 |  6.3
Air Magic      | 1 2 3 4 5 6 |  6.3
Earth Magic    | 1 2 3 4 5 6 |  6.3
Poison Magic   | 1 2 3 4 5 6 |  6.3
Dodging        | 5 6 7 8 |  8.9
Stealth        | 5 6 7 8 |  8.7
Summonings     | 8 9 |  9.6

Action                   |  1- 3 |  4- 6 |  7- 9 | 10-12 || total
-------------------------+-------+-------+-------+-------++-------
Melee: Unarmed           |     8 |       |       |       ||     8
       Dagger            |    75 |   182 |       |       ||   257
       Bite              |     6 |    22 |    18 |    57 ||   103
       Flail             |       |    15 |   205 |   218 ||   438
       Demon trident     |       |       |       |   141 ||   141
Throw: Dart              |       |       |       |     2 ||     2
       Stone             |       |       |       |     1 ||     1
       Throwing net      |       |       |       |     1 ||     1
 Cast: Summon Small Mamm |    38 |    25 |    28 |    23 ||   114
       Call Imp          |     4 |    20 |    18 |    28 ||    70
       Call Canine Famil |       |    13 |    30 |    33 ||    76
       Summon Mana Viper |       |       |       |     5 ||     5
Invok: Reject Sacrifices |       |       |     1 |       ||     1
Evoke: Wand              |       |     5 |     2 |    13 ||    20
  Use: Potion            |     1 |     2 |     4 |     4 ||    11
       Scroll            |       |     5 |     2 |    17 ||    24
 Stab: Distracted        |     1 |     2 |     4 |    11 ||    18
       Sleeping          |     6 |     5 |     4 |     5 ||    20
       Paralysed         |       |       |       |    11 ||    11
       Held in net/web   |       |       |       |     1 ||     1
Armor: Robe              |    13 |    11 |       |       ||    24
       Leather armour    |       |     8 |       |       ||     8
       Ring mail         |       |    17 |   130 |    88 ||   235
       Skin              |       |       |     4 |     7 ||    11
Dodge: Dodged            |    62 |   131 |   159 |   329 ||   681
Block: Buckler           |    15 |    45 |    76 |   167 ||   303

Table legend: (Time is in decaauts)
 A = Elapsed time spent in this place.
 B = Non-inter-level travel time spent in this place.
 C = Inter-level travel time spent in this place.
 D = Time resting spent in this place.
 E = Time spent auto-exploring this place.
 F = Levels seen in this place.
 G = Mean time per level.
                   A        B        C        D        E       F      G
               +--------+--------+--------+--------+--------+-----+--------+
         Total |  20730 |  19918 |    812 |   2362 |  13506 |  15 | 1382.0 |
       Dungeon |  19866 |  19066 |    800 |   2044 |  13339 |  13 | 1528.2 |
        Temple |     82 |     70 |     12 |      0 |     50 |   1 |   82.0 |
        Bazaar |    781 |    781 |      0 |    318 |    117 |   1 |  781.0 |
               +--------+--------+--------+--------+--------+-----+--------+

Top non-repeatable levels by time:
    D:12: 2404 daAuts
     D:9: 2400 daAuts
     D:3: 1944 daAuts
     D:2: 1872 daAuts
     D:6: 1846 daAuts
     D:1: 1718 daAuts
    D:11: 1681 daAuts
     D:7: 1352 daAuts
    D:10: 1303 daAuts
     D:4: 1096 daAuts
    D:13: 866 daAuts
  Bazaar: 781 daAuts
     D:8: 751 daAuts
     D:5: 626 daAuts
  Temple: 82 daAuts
